 Dungeon Crawl Stone Soup version 0.32-a0-290-g598725c5f2 (webtiles) character file.

Game seed: 13159211558634147731

416 MachoJfn the Magician (level 7, 0/45 HPs)
             Began as a Djinni Fire Elementalist on Feb 13, 2024.
             Was a Believer of Jiyva.
             Slain by an orc warrior
             ... wielding a +0 flail
              (15 damage)
             ... on level 4 of the Dungeon.
             The game lasted 00:10:16 (4863 turns).

MachoJfn the Magician (Djinni Fire Elementalist)    Turns: 4863, Time: 00:10:17

Health: 0/45       AC:  2    Str:  7    XL:     7   Next: 15%
Gold:   136        EV: 13    Int: 19    God:    Jiyva [**....] SH:  0 Dex: 13

rFire   + + +        (no weapon)
rCold   x x .        (no shield)
rNeg    . . .        a - +0 robe
rPois   ∞            (no helmet)
rElec   .            (no cloak)
rCorr   +            (no gloves)
SInv    .            (boots unavailable)
Will    .....        o - amulet of faith
Stlth   ++           e - ring of fire
HPRegen 1.23/turn    A - +4 ring of slaying
MPRegen 0.00/turn

%: faith, infuse magic (-1 HP)
@: flying, very slightly contaminated
A: sickness immunity, fire resistance 2, cold vulnerability 1, float, innate
caster, HP casting, extra vitality 1
a: Renounce Religion


You were on level 4 of the Dungeon.
You worshipped Jiyva.
Jiyva was pleased with you.
You visited 1 branch of the dungeon, and saw 4 of its levels.

You collected 136 gold pieces.

Inventory:

Hand Weapons
 m - a +0 club
Missiles
 f - 4 poisoned darts
 g - 25 stones
Armour
 a - a +0 robe (worn)
 n - a +0 leather armour
Jewellery
 e - a ring of fire (left hand)
 o - an amulet of faith (around neck)
 A - a +4 ring of slaying (right hand)
Wands
 j - a wand of quicksilver (8)
 k - a wand of paralysis (6)
Scrolls
 b - 2 scrolls of identify
 i - a scroll of fear
Potions
 c - 2 potions of degeneration
 d - a potion of might
 h - a potion of mutation {unknown}
 l - a potion of heal wounds


   Skills:
 + Level 3.5 Dodging
 - Level 3.9 Stealth
 + Level 4.3 Spellcasting
 + Level 4.3 Conjurations
 + Level 4.3 Hexes
 + Level 4.3 Summonings
 + Level 4.3 Necromancy
 + Level 4.3 Translocations
 + Level 4.3 Fire Magic
 + Level 4.3 Ice Magic
 + Level 4.3 Air Magic
 + Level 4.3 Earth Magic
 + Level 4.3 Alchemy
 * Level 2.4 Evocations


You knew the following spells:

 Your Spells              Type           Power      Damage    Failure   Level
a - Foxfire               Conj/Fire      100%       2x1d9     2%          1
b - Scorch                Fire           60%        2d7       3%          2
c - Volatile Blastmotes   Fire/Tloc      60%        2d15      7%          3
d - Inner Flame           Hex/Fire       30%        N/A       7%          3
e - Flame Wave            Conj/Fire      30%        2d9       22%         4
f - Sting                 Conj/Alch      80%        1d8       2%          1
g - Momentum Strike       Conj/Tloc      40%        3d9       3%          2
h - Teleport Other        Tloc           20%        N/A       7%          3
Your spell library was empty.

Dungeon Overview and Level Annotations

Branches:
Dungeon (4/15)
 Temple: D:4-7

Altars:
Jiyva


Innate Abilities, Weirdness & Mutations

You are immune to sickness and miasma.
You are immune to poison.
Your flesh is very heat resistant. (rF++)
You are vulnerable to cold. (rC-)
You float through the air rather than walking.
You learn spells naturally, not from books.
Your magical power is your life essence.
You have superior vitality. (+4 MHP)


Message History

The orc warrior closely misses you.
Unknown command.
Casting: Scorch (safe; 3% risk of failure)
Confirm with . or Enter, or press ? or * to list all spells.
Casting: Flame Wave (quite dangerous; 22% risk of failure)
Press: ? - help, Dir - look around, f - activate You feel a surge of power!
You miscast Flame Wave.
You are very lightly contaminated with residual magic.
There is a sudden and violent explosion of flames.
You resist.
The orc warrior hits you with a +0 flail!
The orc priest looks encouraged for a moment.
The orc warrior hits you with a +0 flail!
* * * LOW HITPOINT WARNING * * *
Unknown command.
You feel much better.
The orc priest invokes the aid of Beogh against you.
Pain shoots through your body!
The orc warrior hits you with a +0 flail!
The orc priest calls upon Beogh to heal the orc warrior.
The orc warrior is healed somewhat.
Casting: Flame Wave (quite dangerous; 22% risk of failure)
Confirm with . or Enter, or press ? or * to list all spells.
You feel a surge of power!
Flames lash the orc priest.
The orc priest is severely wounded.
The orc priest's fire resistance burns away.
The orc warrior is no longer more vulnerable to fire.
The orc priest hits you but does no damage.
The orc warrior closely misses you.
The orc priest calls upon Beogh to heal the orc warrior.
The orc warrior is healed somewhat.
Casting: Scorch (safe; 3% risk of failure)
Confirm with . or Enter, or press ? or * to list all spells.
You feel a surge of power!
Flames lash the orc.
You kill the orc!
The orc priest mumbles some strange prayers to Beogh against you.
Pain shoots through your body!
The orc warrior hits you with a +0 flail!
You die...
Jiyva sends a jelly to digest your equipment.

###'###.#####'###############
#............................
#............................
#............................
#............................
#.......................J...†
#............................
#############'###'##########.
#..@o)............#.
#...o.)o..........'.
#.................#.
###########.#######.
................
................
................
................
................


You could see an orc warrior and 2 orc priests.

Vanquished Creatures
  A black bear (D:4)
  Blork the orc (D:4)
  An orc priest (D:4)
  An orc wizard (D:4)
  Ijyb (D:3)
  3 adders
  4 dart slugs
  A ribbon worm (D:3)
  5 orcs (D:4)
  12 ball pythons
  2 endoplasms
  3 giant cockroaches
  3 goblins
  2 hobgoblins
  10 jackals
  4 quokkas
  3 bats
  5 frilled lizards
  9 kobolds
  5 rats
76 creatures vanquished.

Vanquished Creatures (others)
  Terence (D:3)
  A dart slug (D:3)
  2 endoplasms (D:4)
  An orc (D:3)
  A giant cockroach (D:3)
  A goblin (D:3)
  A hobgoblin (D:3)
  2 jackals (D:3)
  2 kobolds (D:3)
  A quokka (D:3)
  A ball python (D:4)
  3 bats (D:3)
  A frilled lizard (D:3)
  2 rats (D:3)
  110 foxfires
130 creatures vanquished.

Grand Total: 206 creatures vanquished

Notes
Turn   | Place    | Note
-------+----------+-------------------------------------------
     0 | D:1      | MachoJfn the Djinni Fire Elementalist began the quest for
                  | the Orb.
     0 | D:1      | MachoJfn set off with the following spells memorised:
                  | Foxfire, Scorch, Volatile Blastmotes, Inner Flame, Flame
                  | Wave.
     0 | D:1      | Reached XP level 1. HP: 15/15 MP: 0/0
   179 | D:1      | Reached XP level 2. HP: 20/21 MP: 0/0
   299 | D:1      | Reached XP level 3. HP: 22/25 MP: 0/0
   299 | D:1      | Learned a level 1 spell: Sting
   720 | D:1      | Reached XP level 4. HP: 31/31 MP: 0/0
  1533 | D:2      | Reached XP level 5. HP: 32/35 MP: 0/0
  1533 | D:2      | Learned a level 2 spell: Momentum Strike
  2312 | D:3      | Found a faded altar of an unknown god.
  2320 | D:3      | Prayed at the altar of an unknown god.
  2320 | D:3      | Became a worshipper of Jiyva Jociwas the Shapeless
  2320 | D:3      | Reached * piety under Jiyva
  2769 | D:1      | Got Commencing Occultism
  3393 | D:3      | Killed Terence
  4025 | D:3      | Noticed Ijyb
  4035 | D:3      | Killed Ijyb
  4390 | D:4      | Noticed a black bear
  4397 | D:4      | Killed a black bear
  4398 | D:4      | Reached XP level 6. HP: 40/40 MP: 0/0
  4454 | D:4      | Reached ** piety under Jiyva
  4476 | D:4      | Noticed Blork the orc
  4482 | D:4      | Killed Blork the orc
  4483 | D:4      | Reached skill level 1 in Evocations
  4655 | D:4      | Reached XP level 7. HP: 20/45 MP: 0/0
  4655 | D:4      | Learned a level 3 spell: Teleport Other
  4863 | D:4      | Slain by an orc warrior

Illustrated notes

Levels and vault maps discovered:
D:1:      wander_arrival_estate, layout_basic, nicolae_titane
D:2:      layout_basic, grunt_ministairs_3, minmay_bisected
D:3:      layout_loops_cross, ebering_ecumenical_altar_box,
          cheibrodos_sewer_entry_drain, uniq_ijyb, uniq_terence
D:4:      layout_gridville, uniq_blork_the_orc, uniq_eustachio

Skill      XL: |  1  2  3  4  5  6 |
---------------+-------------------+-----
Stealth        | 2 3 |  3.9
Dodging        | 3 |  3.5
Spellcasting   | 4 |  4.3
Conjurations   | 4 |  4.3
Hexes          | 4 |  4.3
Summonings     | 4 |  4.3
Necromancy     | 4 |  4.3
Translocations | 4 |  4.3
Fire Magic     | 4 |  4.3
Ice Magic      | 4 |  4.3
Air Magic      | 4 |  4.3
Earth Magic    | 4 |  4.3
Alchemy        | 4 |  4.3
Evocations     | 2 |  2.4

Action                     |  1- 3 |  4- 6 |  7- 9 || total
---------------------------+-------+-------+-------++-------
   Cast: Foxfire           |    23 |    91 |     3 ||   117
         Scorch            |    17 |    24 |     7 ||    48
         Sting             |       |       |     1 ||     1
    Use: Scroll            |       |     8 |       ||     8
         Potion            |       |       |     1 ||     1
 Armour: Robe              |     1 |     6 |     5 ||    12
  Dodge: Dodged            |     7 |     8 |     2 ||    17

Table legend: (Time is in decaauts)
 A = Elapsed time spent in this place.
 B = Non-inter-level travel time spent in this place.
 C = Inter-level travel time spent in this place.
 D = Time resting spent in this place.
 E = Time spent auto-exploring this place.
 F = Levels seen in this place.
 G = Mean time per level.
                   A        B        C        D        E       F      G
               +--------+--------+--------+--------+--------+-----+--------+
         Total |   4862 |   3860 |   1002 |    954 |   2381 |   4 | 1215.5 |
       Dungeon |   4862 |   3860 |   1002 |    954 |   2381 |   4 | 1215.5 |
               +--------+--------+--------+--------+--------+-----+--------+

Top non-repeatable levels by time:
     D:2: 1753 daAuts
     D:3: 1405 daAuts
     D:1: 1213 daAuts
     D:4: 489 daAuts
